TOP OF THE 1ST |
Delaware 1787 BC batting - Pitching for Bellevue Bruins : RHP Claudio Mateo
|
Pitching: RHP Claudio Mateo
|
|
Batting: RHB Jesús Guzmán
|
0-0: Called Strike 0-1: Ground out 4-3 (Groundball, 34)
|
Batting: LHB Donovan Inman
|
0-0: Ball 1-0: Fly out, F4 (Popup, 13S)
|
Batting: LHB Ramón Garmendia
|
0-0: Called Strike 0-1: Ground out 3-1 (Groundball, 34)
|
Top of the 1st over - 0 runs, 0 hits, 0 errors, 0 left on base; Delaware 0 - Bellevue 0 |
BOTTOM OF THE 1ST |
Bellevue Bruins batting - Pitching for Delaware 1787 BC : LHP Moses Keijzer
|
Pitching: LHP Moses Keijzer
|
|
Batting: LHB Juan Romero
|
0-0: Ball 1-0: Swinging Strike 1-1: Foul Ball, location: 2F 1-2: Foul Ball, location: 2F 1-2: Ball 2-2: Ball 3-2: Fly out, F9 (Flyball, 9)
|
Batting: RHB Ryan Faulkner
|
0-0: SINGLE (Flyball, 8RS)
|
Batting: RHB Miguel Elías
|
0-0: Ball 1-0: Foul Ball, location: 2F 1-1: Foul Ball, location: 2F 1-2: Ball 2-2: SINGLE (Flyball, 7LS) Ryan Faulkner to second
|
Batting: LHB Lorenzo Díaz
|
0-0: Ball 1-0: Called Strike Ryan Faulkner is caught stealing 3rd base 1-1: Fielders Choice at 2nd, 6-4 (Groundball, 56)
|
Bottom of the 1st over - 0 runs, 2 hits, 0 errors, 1 left on base; Delaware 0 - Bellevue 0 |
TOP OF THE 2ND |
Delaware 1787 BC batting - Pitching for Bellevue Bruins : RHP Claudio Mateo
|
Batting: RHB Mikko Haataja
|
0-0: Foul Ball, location: 2F 0-1: Ball 1-1: Called Strike 1-2: Fly out, F8 (Flyball, 89XD)
|
Batting: LHB Kelvin Abbott
|
0-0: Called Strike 0-1: Ball 1-1: Fly out, F9 (Flyball, 9LMF)
|
Batting: RHB Tomás Cameros
|
0-0: Ball 1-0: Foul Ball, location: 2F 1-1: Swinging Strike 1-2: Ball 2-2: Strikes out swinging
|
Top of the 2nd over - 0 runs, 0 hits, 0 errors, 0 left on base; Delaware 0 - Bellevue 0 |
BOTTOM OF THE 2ND |
Bellevue Bruins batting - Pitching for Delaware 1787 BC : LHP Moses Keijzer
|
Batting: SHB Júlio Morín Jr.
|
0-0: Ball 1-0: Ground out 6-3 (Groundball, 6S)
|
Batting: LHB David Muller
|
0-0: SINGLE (Line Drive, 4M)
|
Batting: RHB Ramón Ramírez
|
0-0: Ball 1-0: Ball 2-0: Fly out, F7 (Flyball, 7)
|
Batting: LHB Domingo Colón
|
0-0: Ball 1-0: Ball David Muller steals 2nd base 2-0: Foul Ball, location: 2F 2-1: Foul Ball, location: 2F 2-2: Ground out 4-3 (Groundball, 4S)
|
Bottom of the 2nd over - 0 runs, 1 hit, 0 errors, 1 left on base; Delaware 0 - Bellevue 0 |
TOP OF THE 3RD |
Delaware 1787 BC batting - Pitching for Bellevue Bruins : RHP Claudio Mateo
|
Batting: SHB Curt Pack
|
0-0: Called Strike 0-1: Ball 1-1: Ball 2-1: Foul Ball, location: 2F 2-2: Foul Ball, location: 2F 2-2: Fly out, F8 (Flyball, 8LS)
|
Batting: LHB Bryce Abood
|
0-0: Ball 1-0: Ball 2-0: Ball 3-0: Base on Balls
|
Batting: RHB Malcolm Campbell
|
0-0: Fly out, F8 (Flyball, 8LD)
|
Batting: RHB Jesús Guzmán
|
0-0: Swinging Strike 0-1: Called Strike 0-2: Foul Ball, location: 2F 0-2: Ball 1-2: Strikes out swinging
|
Top of the 3rd over - 0 runs, 0 hits, 0 errors, 1 left on base; Delaware 0 - Bellevue 0 |
BOTTOM OF THE 3RD |
Bellevue Bruins batting - Pitching for Delaware 1787 BC : LHP Moses Keijzer
|
Batting: RHB Dennis Shaw
|
0-0: Called Strike 0-1: Called Strike 0-2: Strikes out swinging
|
Batting: LHB Juan Romero
|
0-0: Ball 1-0: Ball 2-0: Called Strike 2-1: Swinging Strike 2-2: Ball 3-2: Base on Balls
|
Batting: RHB Ryan Faulkner
|
0-0: SINGLE (Groundball, 6D) Juan Romero to second Runner from 2nd tries for 3rd, SAFE, no throw
|
Batting: RHB Miguel Elías
|
0-0: Called Strike 0-1: Fly out, F7 (Flyball, 7D) Runner from 3rd tags up, SCORES, no throw
|
Batting: LHB Lorenzo Díaz
|
0-0: Ball 1-0: Foul Ball, location: 2F 1-1: Swinging Strike 1-2: Ball 2-2: SINGLE (Groundball, 34D) Ryan Faulkner to second Runner from 2nd tries for 3rd, SAFE, no throw
|
Batting: SHB Júlio Morín Jr.
|
0-0: Fielders Choice at 2nd, 6-4 (Groundball, 6D)
|
Bottom of the 3rd over - 1 run, 2 hits, 0 errors, 2 left on base; Delaware 0 - Bellevue 1 |
TOP OF THE 4TH |
Delaware 1787 BC batting - Pitching for Bellevue Bruins : RHP Claudio Mateo
|
Batting: LHB Donovan Inman
|
0-0: Ball 1-0: Fly out, F7 (Line Drive, 7D)
|
Batting: LHB Ramón Garmendia
|
0-0: Swinging Strike 0-1: Ball 1-1: Swinging Strike 1-2: Ball 2-2: Ball 3-2: Base on Balls
|
Batting: RHB Mikko Haataja
|
0-0: Called Strike 0-1: SINGLE (Line Drive, 89S) Ramón Garmendia to second Runner from 2nd tries for 3rd, SAFE, throw made to third
|
Batting: LHB Kelvin Abbott
|
0-0: Called Strike 0-1: Ball 1-1: DOUBLE (Line Drive, 89XD) Ramón Garmendia scores Mikko Haataja to third
|
Batting: RHB Tomás Cameros
|
0-0: Called Strike 0-1: Ball 1-1: Ball 2-1: Ball 3-1: Called Strike 3-2: Foul Ball, location: 2F 3-2: Foul Ball, location: 2F 3-2: SINGLE (Groundball, 56D) Mikko Haataja scores Kelvin Abbott to third Runner from 3rd tries for Home, throw and OUT!
|
Batting: SHB Curt Pack
|
0-0: Called Strike 0-1: Swinging Strike 0-2: Ball 1-2: Ball 2-2: Strikes out swinging, 2-3 out at first.
|
Top of the 4th over - 2 runs, 3 hits, 0 errors, 1 left on base; Delaware 2 - Bellevue 1 |
BOTTOM OF THE 4TH |
Bellevue Bruins batting - Pitching for Delaware 1787 BC : LHP Moses Keijzer
|
Batting: LHB David Muller
|
0-0: Foul Ball, location: 2F 0-1: Ball 1-1: Ball 2-1: DOUBLE (Line Drive, 9LM)
|
Batting: RHB Ramón Ramírez
|
0-0: Ball 1-0: Ball 2-0: Ball 3-0: Base on Balls
|
Batting: LHB Domingo Colón
|
0-0: Ball 1-0: Ball 2-0: Ball 3-0: Base on Balls David Muller to third Ramón Ramírez to second
|
Batting: RHB Dennis Shaw
|
0-0: Fly out, F7 (Flyball, 7S) Runner from 3rd tags up, SCORES, throw made
|
Batting: LHB Juan Romero
|
0-0: Called Strike 0-1: Ball 1-1: Called Strike 1-2: Strikes out swinging
|
Batting: RHB Ryan Faulkner
|
0-0: Ball 1-0: Called Strike 1-1: SINGLE (Groundball, 4MD) Ramón Ramírez to third Domingo Colón to second Runner from 3rd tries for Home, SAFE, no throw
|
Batting: RHB Miguel Elías
|
0-0: Called Strike 0-1: SINGLE (Flyball, 78M) Domingo Colón to third Ryan Faulkner to second Runner from 3rd tries for Home, SAFE, no throw
|
Batting: LHB Lorenzo Díaz
|
0-0: Ball 1-0: Called Strike 1-1: Ball 2-1: SINGLE (Flyball, 78S) Ryan Faulkner to third Miguel Elías to second
|
Batting: SHB Júlio Morín Jr.
|
0-0: Called Strike 0-1: Ball 1-1: Fly out, F6 (Line Drive, 6)
|
Bottom of the 4th over - 3 runs, 4 hits, 0 errors, 3 left on base; Delaware 2 - Bellevue 4 |
TOP OF THE 5TH |
Delaware 1787 BC batting - Pitching for Bellevue Bruins : RHP Claudio Mateo
|
Batting: LHB Bryce Abood
|
0-0: Foul Ball, location: 2F 0-1: Foul Ball, location: 2F 0-2: Strikes out swinging
|
Batting: RHB Malcolm Campbell
|
0-0: Ball 1-0: Ground out U3 (Groundball, 34)
|
Batting: RHB Jesús Guzmán
|
0-0: Foul Ball, location: 2F 0-1: Ball 1-1: Foul Ball, location: 2F 1-2: Ball 2-2: SINGLE (Line Drive, 4MD)
|
Batting: LHB Donovan Inman
|
0-0: Called Strike 0-1: Fly out, F7 (Flyball, 7S)
|
Top of the 5th over - 0 runs, 1 hit, 0 errors, 1 left on base; Delaware 2 - Bellevue 4 |
BOTTOM OF THE 5TH |
Bellevue Bruins batting - Pitching for Delaware 1787 BC : LHP Moses Keijzer
|
Batting: LHB David Muller
|
0-0: Ball 1-0: Fly out, F9 (Flyball, 89D)
|
Batting: RHB Ramón Ramírez
|
0-0: Ball 1-0: Ball 2-0: Called Strike 2-1: Ground out 5-3 (Groundball, 56)
|
Batting: LHB Domingo Colón
|
0-0: Called Strike 0-1: Swinging Strike 0-2: Strikes out looking
|
Bottom of the 5th over - 0 runs, 0 hits, 0 errors, 0 left on base; Delaware 2 - Bellevue 4 |
TOP OF THE 6TH |
Delaware 1787 BC batting - Pitching for Bellevue Bruins : RHP Claudio Mateo
|
Batting: LHB Ramón Garmendia
|
0-0: Fly out, F8 (Flyball, 8RD)
|
Batting: RHB Mikko Haataja
|
0-0: Ball 1-0: Ball 2-0: Called Strike 2-1: Foul Ball, location: 2F 2-2: Fly out, F3 (Popup, 3F)
|
Batting: LHB Kelvin Abbott
|
0-0: Ball 1-0: Ball 2-0: Ball 3-0: Called Strike 3-1: Fly out, F2 (Popup, 2L)
|
Top of the 6th over - 0 runs, 0 hits, 0 errors, 0 left on base; Delaware 2 - Bellevue 4 |
BOTTOM OF THE 6TH |
Bellevue Bruins batting - Pitching for Delaware 1787 BC : LHP Moses Keijzer
|
Batting: RHB Dennis Shaw
|
0-0: Ball 1-0: Ball 2-0: Fly out, F8 (Flyball, 8RD)
|
Batting: LHB Juan Romero
|
0-0: Ball 1-0: Swinging Strike 1-1: Hit by Pitch
|
Batting: RHB Ryan Faulkner
|
0-0: Ball 1-0: Called Strike 1-1: Ball 2-1: Ball Wild Pitch! Juan Romero to second 3-1: Fly out, F7 (Flyball, 7)
|
Batting: RHB Miguel Elías
|
0-0: Ball 1-0: Called Strike 1-1: Ball 2-1: Foul Ball, location: 2F 2-2: Strikes out swinging
|
Bottom of the 6th over - 0 runs, 0 hits, 0 errors, 1 left on base; Delaware 2 - Bellevue 4 |
TOP OF THE 7TH |
Delaware 1787 BC batting - Pitching for Bellevue Bruins : RHP Claudio Mateo
|
Batting: RHB Tomás Cameros
|
0-0: Fly out, F8 (Flyball, 8RD)
|
Batting: SHB Curt Pack
|
0-0: Foul Ball, location: 2F 0-1: Ball 1-1: Ball 2-1: Ball 3-1: Swinging Strike 3-2: Strikes out swinging
|
Batting: LHB Bryce Abood
|
0-0: Called Strike 0-1: Swinging Strike 0-2: Ball 1-2: Strikes out looking
|
Top of the 7th over - 0 runs, 0 hits, 0 errors, 0 left on base; Delaware 2 - Bellevue 4 |
BOTTOM OF THE 7TH |
Bellevue Bruins batting - Pitching for Delaware 1787 BC : LHP Moses Keijzer
|
Batting: LHB Lorenzo Díaz
|
0-0: Ball 1-0: Ball 2-0: Foul Ball, location: 2F 2-1: Foul Ball, location: 2F 2-2: Foul Ball, location: 2F 2-2: Foul Ball, location: 2F 2-2: Strikes out swinging
|
Batting: SHB Júlio Morín Jr.
|
0-0: Called Strike 0-1: Swinging Strike 0-2: Ball 1-2: Foul Ball, location: 2F 1-2: Foul Ball, location: 2F 1-2: Strikes out looking
|
Batting: LHB David Muller
|
0-0: Ball 1-0: Called Strike 1-1: Swinging Strike 1-2: Ball 2-2: Ground out 4-3 (Groundball, 4)
|
Bottom of the 7th over - 0 runs, 0 hits, 0 errors, 0 left on base; Delaware 2 - Bellevue 4 |
TOP OF THE 8TH |
Delaware 1787 BC batting - Pitching for Bellevue Bruins : RHP Claudio Mateo
|
Batting: RHB Malcolm Campbell
|
0-0: Swinging Strike 0-1: Ball 1-1: Fly out, F8 (Flyball, 8RM)
|
Batting: RHB Jesús Guzmán
|
0-0: Swinging Strike 0-1: SINGLE (Groundball, 6MD)
|
Batting: LHB Donovan Inman
|
0-0: Ball 1-0: Called Strike 1-1: Ball 2-1: Foul Ball, location: 2F 2-2: Fly out, F7 (Line Drive, 7)
|
Batting: LHB Ramón Garmendia
|
0-0: Called Strike 0-1: Swinging Strike 0-2: Ball 1-2: Strikes out looking
|
Top of the 8th over - 0 runs, 1 hit, 0 errors, 1 left on base; Delaware 2 - Bellevue 4 |
BOTTOM OF THE 8TH |
Bellevue Bruins batting - Pitching for Delaware 1787 BC : LHP Moses Keijzer
|
Pitching: RHP Uter Zorker
|
|
Batting: RHB Ramón Ramírez
|
0-0: Called Strike 0-1: Ball 1-1: Fly out, F7 (Line Drive, 7)
|
Batting: LHB Domingo Colón
|
0-0: Called Strike 0-1: Swinging Strike 0-2: Fly out, F8 (Flyball, 8LS)
|
Batting: RHB Dennis Shaw
|
0-0: Ball 1-0: Foul Ball, location: 2F 1-1: Ball 2-1: Foul Ball, location: 2F 2-2: Fly out, F7 (Flyball, 7)
|
Bottom of the 8th over - 0 runs, 0 hits, 0 errors, 0 left on base; Delaware 2 - Bellevue 4 |
TOP OF THE 9TH |
Delaware 1787 BC batting - Pitching for Bellevue Bruins : RHP Claudio Mateo
|
Pitching: RHP Brendan Haataja
|
|
Batting: RHB Mikko Haataja
|
0-0: Foul Ball, location: 2F 0-1: Ball 1-1: Ball 2-1: Ground out 5-3 (Groundball, 56)
|
Batting: LHB Kelvin Abbott
|
0-0: Ball 1-0: Called Strike 1-1: SINGLE (Groundball, 23) (infield hit)
|
Pinch Hitting: RHB John Willoughby
|
0-0: Called Strike 0-1: Ball 1-1: Reached on error, E1 (Groundball, 13S) Kelvin Abbott to second
|
Batting: SHB Curt Pack
|
0-0: Called Strike 0-1: Ball 1-1: Grounds into double play, 4-6-3 (Groundball, 4)
|
Top of the 9th over - 0 runs, 1 hit, 1 error, 1 left on base; Delaware 2 - Bellevue 4 |
|